Cogmind - Beta 12 @@@ ROGUE MODE // 2023.09.04 @ 08:49:58 Player: Miro Result: Destroyed by S-10 Pest with Light Assault Rifle Performance ------------- Evolutions (1) 500 Regions Visited (2) 400 Robots Destroyed (15) 75 Value Destroyed (329) 329 Prototype IDs (0) 0 Alien Tech Used (0) 0 Bonus (0) 0 TOTAL SCORE: 1304 Bonus ------- None Cogmind --------- Core Integrity 0/400 Matter 300/300 Energy 100/100 System Corruption 0% Temperature Cool (0) Movement Core (100) Ox1 Location -9/Materials Parts ------- > --- POWER (2) -------- (None) > --- PROPULSION (2) --- (None) > --- UTILITY (3) ------ Small Storage Unit > --- WEAPON (2) ------- (None) > --- INVENTORY (8) ---- Improved Heat Sink Medium Battery (150) Weight Redist. System Heavy Armor Plating Field Laser Field Laser Autogun Peak State ------------ > --- POWER ------------ Ion Engine Light Ion Engine > --- PROPULSION ------- Light Treads Light Treads > --- UTILITY ---------- Small Storage Unit Large Matter Pod Tractor Beam > --- WEAPON ----------- Field Laser Assault Rifle > --- INVENTORY -------- Improved Heat Sink Medium Battery Weight Redist. System Heavy Armor Plating Field Laser Field Laser Field Laser [Rating: 13] Favorites ----------- Power Ion Engine Engine Ion Engine Propulsion Aluminum Leg Treads Light Treads Leg Aluminum Leg Wheel Compact Wheel Utility Small Storage Unit Device Tractor Beam Storage Small Storage Unit Weapon Light Assault Rifle Energy Gun Medium Laser Ballistic Gun Light Assault Rifle Build | -11 -10 -9 ------- Run | Jun Mat Mat Slots Evolved 2 | . . 2 Power 1 | . . 1 Propulsion . | . . . Utility 1 | . . 1 Weapon . | . . . Parts Attached 19 | 7 4 8 Power 3 | 1 . 2 Engine 3 | 1 . 2 Core . | . . . Reactor . | . . . Propulsion 6 | 2 2 2 Treads 2 | . . 2 Leg 2 | . 2 . Wheel 2 | 2 . . Hover . | . . . Flight . | . . . Utility 5 | 1 1 3 Device 2 | . . 2 Storage 3 | 1 1 1 Processor . | . . . Hackware . | . . . Protection . | . . . Artifact . | . . . Weapon 5 | 3 1 1 Energy Gun 3 | 2 . 1 Energy Cannon . | . . . Ballistic Gun 2 | 1 1 . Ballistic Cannon . | . . . Launcher . | . . . Special Weapon . | . . . Impact Weapon . | . . . Slashing Weapon . | . . . Piercing Weapon . | . . . Special Melee Weapon . | . . . Unidentified Prototypes . | . . . Parts Lost 11 | . 3 8 Power 2 | . . 2 Propulsion 3 | . 1 2 Utility 2 | . . 2 Weapon 4 | . 2 2 Highest Loss Streak 8 | . 3 8 To Critical Strikes . | . . . Average Slot Usage (%) 93 | . 93 92 Engine 16 | . 14 19 Treads 7 | . . 20 Leg 10 | . 17 . Wheel 4 | . 7 . Device 3 | . . 9 Storage 24 | . 26 22 Energy Gun 11 | . 13 9 Ballistic Gun 12 | . 14 10 Naked Turns . | . . . Heaviest Build 22 | 13 16 22 Greatest Support 40 | 26 26 40 Greatest Overweight (x) 1 | . 1 . Average Overweight (x) . | . . . Largest Inventory Capacity 8 | 8 8 8 Average Capacity 7 | 7 8 8 Most Carried 8 | 8 8 8 Average Carried 7 | 4 7 7 Final Capacity 8 | 8 8 8 Final Carried 8 | 6 6 8 Class Distribution -------------------- 100% | Mutant Dominant Class ---------------- Mutant | -10/Materials Mutant | -9/Materials Resources | -11 -10 -9 ----------- Run | Jun Mat Mat Matter Collected 672 | 208 273 191 Remotely 191 | . . 191 Salvage Created 495 | . 261 234 Parts 30 | . 12 18 Haulers Intercepted 1 | . 1 . Recyclers Shooed 1 | . . 1 Parts Field Recycled . | . . . Retrieved Matter . | . . . Parts Self-Destructed . | . . . Prevented . | . . . Kills | -11 -10 -9 ------- Run | Jun Mat Mat Combat Hostiles Destroyed 12 | . 5 7 Guns 12 | . 5 7 Classes Destroyed 6 | . 4 2 Worker 1 | . 1 . Hauler 1 | . 1 . Watcher 1 | . . 1 Swarmer 5 | . 1 4 Grunt 5 | . 4 1 Sentry 2 | . . 2 Best Kill Streak 5 | . 3 5 Combat Bots Only 5 | . 2 5 Max Kills in Single Turn 2 | . 1 2 Gunslinging 1 | . . 1 Exploded . | . . . Melee . | . . . Uniques/NPCs Destroyed . | . . . Combat | -11 -10 -9 -------- Run | Jun Mat Mat Damage Taken 1594 | . 566 1028 Core 531 | . 129 402 Absorbed by Shields . | . . . Core Remaining (%) 74 | 100 48 . Volleys Fired 79 | 4 32 43 Largest 2 | 1 2 2 Hottest 83 | 40 70 83 Shots Fired 144 | 4 58 82 Gun 144 | 4 58 82 Cannon . | . . . Launcher . | . . . Special . | . . . Kinetic 75 | . 32 43 Thermal 65 | . 26 39 Explosive . | . . . Electromagnetic 4 | 4 . . Robot Hit Streak 7 | 1 7 7 Robot Miss Streak 6 | 2 3 6 Penetration Max . | . . . Secondary Targets 1 | . . 1 Max Gunslinging Chain 1 | . . 1 Shots Hit Robots 74 | 1 37 36 Core Hits 27 | . 14 13 Critical Kills . | . . . Critical Parts Destroyed . | . . . Critical Strikes 2 | . 2 . Burn 2 | . 2 . Melee Attacks . | . . . Impact . | . . . Slashing . | . . . Piercing . | . . . Sneak Attacks . | . . . Combat Hostiles . | . . . Follow-up Attacks . | . . . Damage Inflicted 990 | 12 381 597 Guns 984 | 12 381 591 Cannons . | . . . Explosions . | . . . Melee . | . . . Ramming 6 | . . 6 Kinetic 465 | . 180 285 Thermal 507 | . 201 306 Explosive . | . . . Electromagnetic 12 | 12 . . Impact . | . . . Slashing . | . . . Piercing . | . . . Highest Corruption . | . . . Average Corruption . | . . . Corruption Purged . | . . . Corruption Blocked . | . . . Overload Shots . | . . . Overflow Damage . | . . . Projectiles . | . . . Explosions . | . . . Melee . | . . . Knockbacks . | . . . Impact . | . . . Kinetic . | . . . Secondary . | . . . Self-Inflicted Damage . | . . . Shots . | . . . Rammed 3 | . . 3 Targets Rammed 3 | . . 3 Kicked . | . . . Crushed . | . . . Highest Temperature 393 | . 238 393 Average Temperature 106 | . 92 114 Received Heat Transfer 420 | . 312 108 Effects 5 | . 2 3 Shutdowns 1 | . . 1 Energy Bleed 1 | . . 1 Interference 2 | . 2 . Damage (minor) 1 | . . 1 Siege Activations . | . . . Robots Corrupted . | . . . Combat Hostiles . | . . . Parts Fried . | . . . Impact Corruptions . | . . . Robots Melted . | . . . Combat Hostiles . | . . . Parts Melted 2 | . 1 1 Heat Transferred 1406 | . 740 666 Parts Sabotaged . | . . . Parts Stolen . | . . . Parts Stripped . | . . . Power Chain Reactions . | . . . Missiles Intercepted . | . . . Alert | -11 -10 -9 ------- Run | Jun Mat Mat Peak Influence 196 | . 66 196 Initial 22 | . . 22 Average 40 | . 31 58 Maximum Alert Level . | . . . Low Security (%) 100 | 100 100 100 Level 1 . | . . . Level 2 . | . . . Level 3 . | . . . Level 4 . | . . . Level 5 . | . . . High Security . | . . . Max Security . | . . . Squads Dispatched 5 | . 3 2 Investigation 2 | . 1 1 Extermination . | . . . Reinforcement 3 | . 2 1 Assault . | . . . Garrison . | . . . Intercept . | . . . Searches Triggered . | . . . Construction Impeded . | . . . Haulers Reinforced . | . . . Active Scanning Responses . | . . . Cargo Convoy Interrupts . | . . . Stealth | -11 -10 -9 --------- Run | Jun Mat Mat Distress Signals 4 | . 1 3 Communications Jammed . | . . . Distress Signals . | . . . Times Spotted 31 | . 9 22 Peak Tracking Total 5 | . 3 5 Tactical Retreats 1 | . . 1 Traps | -11 -10 -9 ------- Run | Jun Mat Mat Traps Triggered . | . . . Indirectly . | . . . Trap Hack Attempts . | . . . Triggered . | . . . Disarmed . | . . . Reprogrammed . | . . . Reused . | . . . Traps Extracted . | . . . Installed . | . . . Triggered . | . . . Machines | -11 -10 -9 ---------- Run | Jun Mat Mat Machines Disabled . | . . . Max in Single Turn . | . . . Machines Repaired . | . . . Machines Sabotaged . | . . . Overloaded Fab Kills . | . . . Hacking | -11 -10 -9 --------- Run | Jun Mat Mat Machines Accessed 7 | . 4 3 Terminals 5 | . 3 2 Fabricators . | . . . Repair Stations 1 | . 1 . Recycling Units . | . . . Scanalyzers 1 | . . 1 Garrison Access . | . . . Total Hacks 12 | . 7 5 Successful 9 | . 6 3 Failed 3 | . 1 2 Catastrophic 2 | . 1 1 Database Lockouts . | . . . Manual . | . . . Terminals 8 | . 6 2 Fabricators . | . . . Repair Stations 1 | . 1 . Recycling Units . | . . . Scanalyzers 3 | . . 3 Garrison Access . | . . . Terminal Hacks 5 | . 5 . Record 1 | . 1 . Alert Level 1 | . 1 . Dispatch Records 1 | . 1 . Patrol Status 1 | . 1 . Hauler Manifests 1 | . 1 . Fabricator Hacks . | . . . Repair Station Hacks 1 | . 1 . Scan Component 1 | . 1 . Recycling Unit Hacks . | . . . Scanalyzer 3 | . . 3 Insert Component 2 | . . 2 Analyze 1 | . . 1 Garrison Access Hacks . | . . . Unauthorized Hacks . | . . . Terminals . | . . . Fabricators . | . . . Repair Stations . | . . . Recycling Units . | . . . Scanalyzers . | . . . Garrison Access . | . . . Data Cores Recovered . | . . . Used . | . . . Hacking Detections 2 | . 1 1 Full Trace Events 2 | . 1 1 Feedback Events . | . . . Feedback Blocked . | . . . Robot Schematics Acquired . | . . . Robots Built . | . . . Authchips . | . . . Time . | . . . Total Robot Build Rating . | . . . Part Schematics Acquired 1 | . . 1 Parts Built . | . . . Authchips . | . . . Time . | . . . Total Part Build Rating . | . . . Parts Repaired . | . . . Time . | . . . Parts Recycled . | . . . Recycled Matter . | . . . Retrieved Matter . | . . . Retrieved Components . | . . . Parts Scanalyzed 1 | . . 1 Part Schematics Acquired 1 | . . 1 Parts Damaged . | . . . Bothacking | -11 -10 -9 ------------ Run | Jun Mat Mat Used RIF Installer . | . . . Robots Hacked . | . . . Non-combat . | . . . Combat . | . . . Robot Hacks Applied . | . . . Relay Couplers Released . | . . . Fabnet Peak Effective % . | . . . Robots Rewired . | . . . Allies Hacked . | . . . Hacks Repelled . | . . . Allies | -11 -10 -9 -------- Run | Jun Mat Mat Total Allies . | . . . Largest Group . | . . . Highest-Rated Group . | . . . Highest-Rated Ally . | . . . Total Orders . | . . . Ally Attacks . | . . . Total Damage . | . . . Kills . | . . . Allies Corrupted . | . . . Allies Melted . | . . . Intel | -11 -10 -9 ------- Run | Jun Mat Mat Robot Analysis Total . | . . . Derelict Logs Recovered . | . . . Drone Launches . | . . . Drone Recoveries . | . . . Exploration | -11 -10 -9 ------------- Run | Jun Mat Mat Turns Passed 1667 | 85 969 613 Spaces Moved 586 | 64 268 254 Core 9 | 9 . . Treads 254 | . . 254 Legs 222 | . 222 . Wheels 101 | 55 46 . Hover . | . . . Flight . | . . . Fastest Speed 50 | 50 90 160 Average Speed 132 | 87 118 160 Slowest Speed 190 | 100 190 160 Overloaded Moves . | . . . Propulsion Burnouts . | . . . Robots Hopped . | . . . Cave-ins Triggered . | . . . Exploration Rate (%) 28 | 5 46 33 Regions Visited 2 Branch Regions . Pre-discovered Areas . | . . . Known Exits Taken . | . . . Unknown Exits Taken 2 | 1 1 . Scrap Searched . | . . . Spaces Dug . | . . . Terrain Destroyed . | . . . Melee . | . . . Projectile . | . . . AOE . | . . . Terrain Rammed . | . . . Walls Destroyed . | . . . Machines Disabled . | . . . Actions | -11 -10 -9 --------- Run | Jun Mat Mat Total 1339 | 89 871 379 Wait 619 | 2 558 59 Move 584 | 63 267 254 Hop . | . . . Pick Up 24 | 12 5 7 Fast Attach 1 | . . 1 Attach 18 | 7 4 7 Detach 5 | 1 2 2 Swap . | . . . Drop 6 | . 3 3 Fire 79 | 4 32 43 Melee . | . . . Ram . | . . . Kick . | . . . Crush 3 | . . 3 Escape Stasis . | . . . Rewire . | . . . Trap . | . . . Miscellaneous . | . . . Route ------- -11/Junkyard -10/Materials -9/Materials (discovered 1 exit: [*Sto]) History --------- Turn | Location | Event 29 | -11/Junkyard | Discovered new exit (range 16) 86 | -11/Junkyard | Entered Materials 309 | -10/Materials | Build established: Mutant 967 | -10/Materials | Discovered new exit (range 13) 1037 | -10/Materials | Core integrity fell below 50% 1055 | -10/Materials | Entered another Materials area 1055 | -9/Materials | Evolved 2 slots: Power x1, Utility x1 1063 | -9/Materials | Lost 3 parts (1n2w) 1401 | -9/Materials | Discovered new exit (range 14) 1637 | -9/Materials | Core integrity fell below 50% 1651 | -9/Materials | Core integrity fell below 20% 1668 | -9/Materials | Destroyed by S-10 Pest with Light Assault Rifle Last Messages --------------- 01450_ Critical hit (Burn: +37). 01451_ K-01 Serf cleans the Matter Pump. 01512_ U-05 Engineer builds a Door. 01520_ Heat Sink melted. 01520_ Y-45 Defender destroyed. 01521_ Acquired 15 matter. 01526_ Slammed into U-05 Engineer. 01534_ Slammed into R-06 Scavenger. 01587_ S-10 Pest destroyed. 01591_ K-01 Serf collects debris. 01599_ Lgt. Ion Engine destroyed. 01614_ Tractor Beam destroyed. 01616_ Lgt. Treads destroyed. 01616_ Lgt. Ion Engine destroyed. 01623_ Assault Rifle destroyed. 01625_ Field Laser destroyed. 01627_ Lgt. Treads destroyed. 01629_ ALERT: Hostiles spotted, dispatching reinforcements to Terminal M006. 01656_ Lrg. Matter Pod destroyed. Map ----- +----------------------------------------------------+ | ????????????????????????????????????????????? | | ????????????????????????????????????????????? | | ????????????????????????????????????????????? | | ????????????????????????????????????????????? | | ????????????????????????????????????????????? | | ????????????????????????????????????????????? | | ????????????????????????????????????????????? | | ????????????????????????????????????????????? | | ????????????????????????????????????????????? | | ????????????????????????????????????????????? | | ????????????????????????????????????????????? | | ????????????????????????????????????????????? | | ????????????????????????????????????????????? | | ????????????????????????????????????????????? | | ????????????????????????????????????????????? | | ????????????????????????????????????????????? | | ????????????????????????????????????????????? | | ????????????????????????????????????????????? | | ????????????????????????##########????#?????? | | ????????????????????????# #?? ??????? | | ????????????????????????# # ????????? | | ????????????????????????# +??????????? | | ????????????????????????# ????????????? | | ???????????????########## ??????????????? | | ???????????????# # ????????????????? | | ???????????????# #@######### ????? | | ???????????????# #s ???? | | ???????????????# """ + ss #?????? | | ####???????????# """"" # #?????? | | "" #???????????# """"" ############ ##?????? | | "" #???????????# """"" #???????????????????? | | "" #???????????# """ #???????????????????? | | #???????????# #???????????????????? | | #?????????########+#############?????????? | | #?????????# #?????????? | | +###?????????# #?????????? | | ############# """ +?????????? | | # + """ ?????????????? | | + ########## """ ?????????????? | | # #????????###[ ???????????? | | %#########??????????#% #??????????? | | # #???????????#= ] +??????????? | | # #???????????? #??????????? | | %#""" #???????????? #??????????? | | %#""" #???????????? //! #??????????? | | !#""" #???????????? // ???????????? | | [+ #???????????? /! ???????????? | | +########???????????? ????????????? | | #????????????????? ????????????? | | #?????????????????? ??????????????? | +----------------------------------------------------+ Best States ------------- Heat Dissipation 28 Energy Generation 15 Energy Capacity 425 Matter Stores 450 Matter Capacity 450 Sight Range 16 Terrain Scan Density 10 Evasion (%) 55 Recoil Reduction 2 Item Schematics ----------------- Weight Redist. System | -9/Materials | Scanalyzed Robot Schematics ------------------ None Fabricated ------------ Nothing Alien Tech Used ----------------- None Achievements -------------- Use The Force Challenges ------------ None Game ------ Seed CommIonicStabilizer Manual? 0 Play Time 00:29:12 Cumulative 7.7 hours Start 2023.09.04 @ 08:21:40 End 2023.09.04 @ 08:49:58 Sessions 1 Manual Loads 0 Difficulty Rogue Special Mode None Game No. 8 Rogue 8 Adventurer 0 Explorer 0 Win Type - Total 0 Types 0/0/0/0/0/0/0/0/0 Lore% 0 Gallery% 17 Achievement% 14 Wizard Run 0 Options --------- ASCII 0 Keyboard 0 Movement Arrows Keybinds 0 Fullscreen 1 Font 12/Terminus Map View 76x56 Tactical HUD 1 Map Filters NONE Filters NONE Steam X RUN: 0cab72b1-d95d-42c8-b689-2d8886b237d7